 Dungeon Sprint DCSS version 0.17-a0-1691-g18a3847 (webtiles) character file.

271 cmyster the Skirmisher (level 6, -1/55 HPs)
             Began as a Demonspawn Fighter on Aug 20, 2015.
             Slain by a slime creature (14 damage)
             ... in the Dungeon (Sprint I: "Red Sonja").
             The game lasted 00:02:07 (725 turns).

cmyster the Skirmisher (Demonspawn Fighter)          Turns: 725, Time: 00:02:08

Health: -1/55      AC:  7    Str: 18    XL:     6   Next: 2%
Magic:  6/6        EV:  9    Int: 10    God:
Gold:   162        SH: 10    Dex: 12    Spells: 0 memorised, 5 levels left

rFire  . . .     SeeInvis .     a - +0 flail
rCold  . . .     Clarity  .     b - +0 scale mail
rNeg   . . .     SustAt   .     c - +0 shield
rPois  .         Gourm    .     (no helmet)
rElec  .         Spirit   .     (no cloak)
rCorr  .         Warding  .     (no gloves)
rMut   .         NoTele   +     (no boots)
MR     .....                    (no amulet)
Stlth  ..........               (no ring)
                                (no ring)

@: not resistant to hostile enchantments, extremely unstealthy
A: talons 1, powered by death 1
a: no special abilities


You were in the Dungeon.
You were not hungry.

You visited 1 branch You collected 162 gold pieces.

Inventory:

Hand weapons
 a - a +0 flail (weapon)
Armour
 b - a +0 scale mail (worn)
 c - a +0 shield (worn)
 f - a +2 robe
Scrolls
 k - a scroll of blinking
Potions
 d - 2 potions of lignification {unknown}
 h - a potion of haste
 i - 2 potions of magic
 j - a potion of berserk rage
Comestibles
 e - a bread ration


   Skills:
 + Level 7.3 Fighting
 + Level 3.1 Maces & Flails
 + Level 6.6 Armour
 + Level 2.9 Dodging
 + Level 1.1 Stealth
 + Level 6.6 Shields


You had 5 spell levels left.
You didn't know any spells.

Dungeon Overview and Level Annotations

Branches:
Dungeon (1/1)

Altars:
Cheibriados
Dithmenos
Fedhas
Jiyva


Innate Abilities, Weirdness & Mutations

You have sharp toenails.
You regenerate a little health from kills.


Message History

The slime creature is severely wounded.
The slime creature hits you!
* * * LOW HITPOINT WARNING * * *
You hit the slime creature.
You claw the slime creature, but do no damage.
The slime creature is almost dead.
The slime creature hits you!
* * * LOW HITPOINT WARNING * * *
Unknown command.
Drink which item? (? for menu, Esc to quit)
You feel much better. You block the slime creature's attack.
Your scale mail prevents you from hitting the slime creature.
You claw the slime creature, but do no damage.
The slime creature is severely wounded.
The slime creature hits you.
* * * LOW HITPOINT WARNING * * *
You hit the slime creature. You claw the slime creature.
The slime creature is severely wounded.
You block the slime creature's attack. The slime creature hits you!
You die...

###################
#<.#..').#..'..#__#
#..').#..)..#..@J.+
#..#####'#####+#__#
#..# #..# ### #..#
#### #..# #⌠⌠# ####


You could see a slime creature.

Vanquished Creatures
  Sigmund (D)
  An ogre (D)
  Ijyb (D)
3 creatures vanquished.

Notes
Turn   | Place    | Note
--------------------------------------------------------------
     0 | D        | cmyster the Demonspawn Fighter began the quest for the Orb.
     0 | D        | Reached XP level 1. HP: 18/18 MP: 1/1
     2 | D        | Noticed Ijyb
    27 | D        | Killed Ijyb
    27 | D        | Reached skill level 4 in Fighting
    27 | D        | Reached skill level 1 in Dodging
    27 | D        | Gained mutation: You have sharp toenails. [demonic ancestry]
    27 | D        | Reached XP level 2. HP: 7/25 MP: 2/2
   251 | D        | Noticed an ogre
   256 | D        | Killed an ogre
   256 | D        | Reached skill level 5 in Fighting
   256 | D        | Reached skill level 5 in Armour
   256 | D        | Reached skill level 5 in Shields
   256 | D        | Gained mutation: You regenerate a little health from kills. [demonic ancestry]
   256 | D        | Reached XP level 3. HP: 10/34 MP: 3/3
   256 | D        | Reached XP level 4. HP: 11/40 MP: 4/4
   489 | D        | Noticed Sigmund
   512 | D        | Killed Sigmund
   512 | D        | Reached skill level 7 in Fighting
   512 | D        | Reached skill level 1 in Stealth
   512 | D        | Reached XP level 5. HP: 15/48 MP: 5/5
   512 | D        | Reached XP level 6. HP: 17/55 MP: 6/6
   710 | D        | Found a snail-covered altar of Cheibriados.
   710 | D        | Found a viscous altar of Jiyva.
   710 | D        | Found a shadowy altar of Dithmenos.
   710 | D        | Found a blossoming altar of Fedhas.
   710 | D        | Noticed a slime creature
   722 | D        | HP: 1/55 [slime creature (11)]
   725 | D        | Slain by a slime creature

Vault maps used:
D:        dungeon_sprint_1

Action                   |  1- 3 |  4- 6 || total
-------------------------+-------+-------++-------
Melee: Flail             |    27 |    25 ||    52
  Use: Potion            |     2 |     1 ||     3
